 Dungeon Crawl Stone Soup version 0.15.0-14-g6bbbb5c (webtiles) character file.

107 EvilAshe the Firebug (level 4, -4/36 HPs)
             Began as a Naga Fire Elementalist on Sept 4, 2014.
             Killed by nerve-wracking pain
             ... invoked by Grinder
              (9 damage)
             ... on Level 3 of the Dungeon.
             The game lasted 00:09:33 (2801 turns).

EvilAshe the Firebug (Naga Fire Elementalist)       Turns: 2801, Time: 00:09:34

HP  -4/36        AC  5     Str 10      XL: 4   Next: 86%
MP   0/7         EV 10     Int 16      God:
Gold 94          SH  0     Dex 12      Spells:  2 memorised,  3 levels left

rFire  . . .     SeeInvis +     d - +0 club
rCold  . . .     Clarity  .     a - +0 robe
rNeg   . . .     rCorr    .     (no shield)
rPois  +         rRot     .     t - +2 helmet {SInv}
rElec  .         Spirit   .     (no cloak)
SustAb .         Warding  .     (no gloves)
rMut   .         Stasis   .     (no barding)
Gourm  .                        (no amulet)
MR     .....                    (no ring)
                                (no ring)

@: very slightly contaminated, very slow, not resistant to hostile enchantments,
unstealthy
A: spit poison, see invisible, deformed body, poison resistance, slowness 2, AC
+1
a: Spit Poison


You were on level 3 of the Dungeon.
You were not hungry.

You visited 1 branch of the dungeon, and saw 3 of its levels.

You collected 94 gold pieces.

Inventory:

Hand weapons
 d - a +0 club (weapon)
Armour
 a - a +0 robe (worn)
 t - a +2 helmet of see invisible (worn)
Comestibles
 c - a bread ration
 q - 2 rotting chunks of hobgoblin flesh
 r - a rotting chunk of adder flesh
 u - 3 chunks of hobgoblin flesh
Scrolls
 e - a scroll of enchant weapon {unknown}
 g - a scroll of noise {unknown}
 i - 3 scrolls of identify {unknown}
 k - a scroll of remove curse {unknown}
Jewellery
 p - an uncursed ring of sustain abilities {unknown}
Potions
 f - a potion of cure mutation {unknown}
 h - 2 potions of haste {unknown}
 j - a potion of might {unknown}
 l - 5 potions of curing {unknown}
 m - a potion of confusion {unknown}
 o - a potion of restore abilities {unknown}
Books
 b - a book of Flames

   Spells                             Type                      Level
   *Flame Tongue                      Conjuration/Fire             1
   Throw Flame                        Conjuration/Fire             2
   *Conjure Flame                     Conjuration/Fire             3
   Inner Flame                        Hexes/Fire                   3
   Sticky Flame                       Conjuration/Fire             4
   Fireball                           Conjuration/Fire             5


   Skills:
 - Level 1.5 Dodging
 - Level 3.0 Stealth
 - Level 2.0 Spellcasting
 + Level 3.1 Conjurations
 + Level 4.4 Fire Magic


You had 3 spell levels left.
You knew the following spells:

 Your Spells              Type           Power        Failure   Level  Hunger
a - Flame Tongue          Conj/Fire      ##...        6%          1    #......
c - Conjure Flame         Conj/Fire      ##......     14%         3    ####...


Dungeon Overview and Level Annotations

Branches:
Dungeon (3/15)

Altars:

Annotations:
D:2 Terence
D:3 Grinder


Innate Abilities, Weirdness & Mutations

You cannot wear boots.
You can spit poison.
Your serpentine skin is tough (AC +1).
You have supernaturally acute eyesight.
Armour fits poorly on your strangely shaped body.
Your system is resistant to poisons.
You cover ground very slowly.


Message History

Confirm with . or Enter, or press ? or * to list all spells.
Aiming: Flame Tongue
Press: ? - help, Shift-Dir - straight line, f/p - Grinder
Aim: Grinder (heavily wounded)
The flame tongue hits Grinder.
Grinder appears unharmed.
Grinder is heavily wounded.
Grinder hits you.
* * * LOW HITPOINT WARNING * * *
You writhe in agony.
* * * LOW HITPOINT WARNING * * *
Casting: Flame Tongue
Confirm with . or Enter, or press ? or * to list all spells.
Aiming: Flame Tongue
Press: ? - help, Shift-Dir - straight line, f/p - Grinder
Aim: Grinder (heavily wounded)
The flame tongue hits Grinder.
Grinder is severely wounded.
Grinder gestures at you. Pain shoots through your body!
You die...

#.#.#.##.## #...(.# #######..
#.#.#.##..# #.....###### #..
#.#.#.###.# #.#.........# #..
#.#.#.# #.## #.#........)#
###
#.#.#.###..######.#......[..#
#..............(............#
....#.####..#####.#.........#
#.###.#####.#####.##..).....#
...............5@..+........#
#.###.######.####.##........#
#...#.# ###.####+##).......#
#...#.# #...#.........######
#.###.# #.............#
#.#...# #......[......#
#.#.### #.....##+##...# #.#?
...............## #.#
#######........#


You could see Grinder.

Vanquished Creatures
  A gnoll (D:2)
  3 adders
  A giant mite (D:1)
  2 worms (D:2)
  2 giant cockroaches
  13 hobgoblins
  6 jackals
  3 kobolds (D:1)
  6 bats
  A giant newt (D:1)
  5 goblins
  A quokka (D:3)
  9 rats
53 creatures vanquished.

Notes
Turn   | Place    | Note
--------------------------------------------------------------
     0 | D:1      | EvilAshe, the Naga Fire Elementalist, began the quest for the Orb.
     0 | D:1      | Reached XP level 1. HP: 15/15 MP: 3/3
   291 | D:1      | Reached XP level 2. HP: 8/22 MP: 0/4
  1145 | D:1      | Reached XP level 3. HP: 22/28 MP: 1/6
  1314 | D:1      | Learned a level 3 spell: Conjure Flame
  1787 | D:2      | Reached skill level 4 in Fire Magic
  1787 | D:2      | Reached XP level 4. HP: 36/36 MP: 4/7
  2100 | D:2      | HP: 1/36 [gnoll/halberd (17)]
  2715 | D:2      | Noticed Terence
  2780 | D:3      | Noticed Grinder
  2801 | D:3      | Killed from afar by Grinder

Action                   |  1- 3 |  4- 6 || total
-------------------------+-------+-------++-------
Melee: Unarmed           |    13 |       ||    13
       Club              |    32 |    31 ||    63
 Cast: Flame Tongue      |    44 |    34 ||    78
       Conjure Flame     |       |     1 ||     1
 Abil: Spit Poison       |     2 |     2 ||     4
 Stab: Sleeping          |       |     2 ||     2
  Eat: Chunk             |     4 |     4 ||     8
